 Dungeon Crawl Stone Soup version 0.29-a0-284-gf9362112df (webtiles) character file.

Game seed: 8022045085536122948

77 spaghetti the Sneak (level 4, -3/35 HPs)
             Began as a Mummy Monk on Mar 22, 2022.
             Was an Initiate of Ashenzari.
             Slain by a scorpion (4 damage)
             ... on level 2 of the Dungeon.
             The game lasted 00:04:12 (2812 turns).

spaghetti the Sneak (Mummy Monk)                    Turns: 2812, Time: 00:04:13

Health: -3/35      AC:  2    Str: 14    XL:     4   Next: 14%
Magic:  4/4        EV: 13    Int:  9    God:    Ashenzari [......]
Gold:   117        SH:  0    Dex: 16    Spells: 3/3 levels left

rFire   x . .      SeeInvis .   a - +0 short sword {short}
rCold   + . .      Faith    .   (no shield)
rNeg    + + +      Spirit   .   b - +0 robe "Restrained Paranoia" {Cun, Elem} (curse) rPois โˆž Reflect .
                                (no helmet)
rElec   .          Harm     .   (no cloak)
rCorr   .          Rampage  .   (no gloves)
Will    .....                   (no boots)
Stlth   +++.......              (no amulet)
HPRegen 0.11/turn               (no ring)
MPRegen 0.09/turn               (no ring)

@: no status effects
A: cold resistance 1, negative energy resistance 3, torment resistance 2, heat
vulnerability 1, in touch with death 1, no potions
a: Renounce Religion, Curse Item, Shatter the Chains


You were on level 2 of the Dungeon.
You worshipped Ashenzari.
Ashenzari was noncommittal.
You visited 1 branch of the dungeon, and saw 4 of its levels.

You collected 117 gold pieces.


Innate Abilities, Weirdness & Mutations

You are immune to poison.
Your flesh is cold resistant. (rC+)
You are immune to negative energy. (rN+++)
You are immune to unholy pain and torment.
You are vulnerable to heat. (rF-)
You are in touch with the powers of death.
You do not drink.


   Skills:
 - Level 3.0 Fighting
 - Level 2.4 Short Blades
 - Level 2.4(2.8) Dodging
 * Level 4.0(4.4) Stealth


You had 3 spell levels left.
You didn't know any spells.
Your spell library was empty.

Inventory:

Hand Weapons
 a - a +0 short sword (weapon) {short}
Missiles
 c - 4 poisoned darts {throwing}
 d - 70 stones (quivered) {throwing}
Armour
 b - the cursed +0 robe "Restrained Paranoia" (worn) {Cun, Elem}

   It has a curse which improves the following skills: Cunning: Dodging and
   Stealth.
   Elements:  Fire Magic, Ice Magic, Air Magic and Earth Magic.
Scrolls
 e - 3 scrolls of identify {@r1}
 g - 2 scrolls of immolation {!r!r}

Dungeon Overview and Level Annotations

Branches:
Dungeon (4/15)
 Temple: D:4-7

Altars:
Ashenzari
Dithmenos
Trog

##...[..##...<.......#
#........#.......#####
.........#.......#
#........#.....รท.###
...........#...#...##
#.#......#########.!#
................###.#
.........##...#...#.#######
.........####<..@.........#
.##.....######...s........#
####...#.......##.........#
...^.....#########........#
.######### #........# ##
#........# #........#
##########


You could see a scorpion.


Message History

You take 2 damage, and now have 22/35 hp.
As you read the scroll labelled FEMUJA XITOIS, it crumbles to dust.
You feel strangely unstable.
It was a scroll of teleportation.
The jackal barely misses you. The jackal bites you. ๐Ÿ˜ฎ HP[-1]
You take 1 damage, and now have 21/35 hp.
You closely miss the jackal. You hit the jackal.
You kill the jackal!
The jackal barely misses you.
You hit the jackal. The jackal closely misses you.
The jackal bites you but does no damage.
The jackal barely misses you. The jackal bites you. ๐Ÿ˜ฎ HP[-1]
You take 1 damage, and now have 20/35 hp.
You hit the jackal.
You kill the jackal!
The jackal completely misses you.
Your Stealth skill increases to level 4!
You hit the jackal.
Your surroundings suddenly seem different. ๐Ÿ˜ฎ HP[+1]
There is a stone staircase leading up here.
You climb upwards.
There is a stone staircase leading down here.
Unknown command.
There is a stone staircase leading down here. ๐Ÿ˜ฎ HP[+2]
You regained 2 hp, and now have 23/35 hp.
You climb downwards.
There is a stone staircase leading up here.
A rat comes into view. ๐Ÿ˜Ž HP[+12]
Your hp is fully restored (35).
A rat is nearby!
A rat is nearby!
You hit the rat.
You kill the rat!
You see here a rat corpse.
There are monsters nearby!
There are monsters nearby!
The scorpion stings you. ๐Ÿ˜• HP[-5]
You take 5 damage, and now have 30/35 hp.
The scorpion barely misses you.
There is a stone staircase leading down here.
There is an escape hatch in the ceiling here.
The scorpion barely misses you. The scorpion closely misses you.
A mysterious force pulls you upwards. The hatch slams shut behind you.
Unknown command.
Unknown command.
You barely miss the scorpion. The scorpion misses you.
You hit the scorpion but do no damage.
The scorpion barely misses you. ๐Ÿ˜• HP[+1]
You barely miss the scorpion.
The scorpion stings you but does no damage.
You hit the scorpion. The scorpion stings you. ๐Ÿ˜• HP[-2]
You take 2 damage, and now have 29/35 hp.
You hit the scorpion but do no damage. The scorpion stings you. ๐Ÿ˜• HP[-2]
You take 2 damage, and now have 27/35 hp.
You hit the scorpion. The scorpion closely misses you.
The scorpion stings you but does no damage.
You hit the scorpion but do no damage. The scorpion closely misses you.
You barely miss the scorpion. The scorpion misses you.
You hit the scorpion but do no damage. The scorpion stings you. ๐Ÿ˜ฎ HP[-6]
You take 6 damage, and now have 21/35 hp.
You hit the scorpion. The scorpion completely misses you.
You aren't carrying any items that you can evoke.
You can't drink.
Okay, then.
You barely miss the scorpion.
The scorpion stings you but does no damage. ๐Ÿ˜ฎ HP[+1]
You hit the scorpion. The scorpion closely misses you. The scorpion misses you.
You hit the scorpion. The scorpion stings you. ๐Ÿ˜ฎ HP[-4]
You take 4 damage, and now have 18/35 hp.
You hit the scorpion but do no damage. The scorpion barely misses you.
You barely miss the scorpion. The scorpion stings you.
* * * LOW HITPOINT WARNING * * *
๐Ÿ˜จ HP[-5]
You take 5 damage, and now have 13/35 hp.
You hit the scorpion but do no damage. The scorpion stings you!
* * * LOW HITPOINT WARNING * * *
๐Ÿ˜ฑ HP[-7]
You take 7 damage, and now have 6/35 hp.
You hit the scorpion but do no damage.
The scorpion stings you but does no damage.
The scorpion stings you.
* * * LOW HITPOINT WARNING * * *
๐Ÿ˜ฑ HP[-5]
You take 5 damage, and now have 1/35 hp.
Okay, then.
You hit the scorpion but do no damage. The scorpion closely misses you.
You hit the scorpion. The scorpion stings you.
You die...

Skill      XL: |  1  2  3  4 |
---------------+-------------+-----
Stealth        | 2 3 4 |  4.0
Fighting       | |  3.0
Short Blades   | |  2.4
Dodging        | |  2.4

Action                   |  1- 3 |  4- 6 || total
-------------------------+-------+-------++-------
Melee: Short sword       |   139 |    31 ||   170
       Punch             |     1 |       ||     1
Throw: Stone             |    11 |       ||    11
       Dart              |     5 |       ||     5
Invok: Curse Item        |     1 |       ||     1
  Use: Scroll            |     7 |     1 ||     8
 Stab: Sleeping          |     6 |       ||     6
Armor: Robe              |    22 |     7 ||    29
Dodge: Dodged            |    78 |    27 ||   105

Levels and vault maps discovered:
D:1:      amcnicky_arrival_wind_blow, layout_basic,
          dreamdust_ecumenical_altar_angels_and_demons
D:2:      layout_rooms, basic_altar
D:3:      layout_basic, old_standard_altar, grunt_dithmenos_smoke_and_mirrors
D:4:      minmay_spotlight, layout_basic, pdpol_wu_jian_five_deadly_venoms,
          temple_green, patterned_corridor, uniq_robin, uniq_natasha

Notes
Turn   | Place    | Note
-------+----------+-------------------------------------------
     0 | D:1      | spaghetti the Mummy Monk began the quest for the Orb.
     0 | D:1      | Reached XP level 1. HP: 18/18 MP: 1/1
     0 | D:1      | magus.rc [v1.9.6]
    59 | D:1      | Reached skill level 2 in Stealth
   546 | D:1      | Reached XP level 2. HP: 18/24 MP: 2/2
  1003 | D:1      | Found a faded altar of an unknown god.
  1010 | D:1      | Prayed at the altar of an unknown god.
  1010 | D:1      | Became a worshipper of Ashenzari the Shackled
  1182 | D:2      | Reached skill level 3 in Stealth
  1182 | D:2      | Gained mutation: You are in touch with the powers of death.
                  | [Mummy growth]
  1182 | D:2      | Reached XP level 3. HP: 25/29 MP: 3/3
  2162 | D:2      | Found a bloodstained altar of Trog.
  2349 | D:4      | Noticed an ogre
  2392 | D:3      | Found a shadowy altar of Dithmenos.
  2528 | D:3      | Reached XP level 4. HP: 28/35 MP: 4/4
  2591 | D:3      | Found a broken altar of Ashenzari.
  2612 | D:3      | Noticed a scorpion
  2628 | D:3      | Reached skill level 4 in Stealth
  2809 | D:2      | HP: 6/35 [scorpion (7)]
  2810 | D:2      | HP: 1/35 [scorpion (5)]
  2812 | D:2      | Slain by a scorpion

Vanquished Creatures
  3 adders
  A worm (D:2)
  A dart slug (D:1)
  6 ball pythons
  4 endoplasms (D:1)
  A giant cockroach (D:1)
  3 goblins
  5 hobgoblins
  2 jackals (D:3)
  3 quokkas
  2 bats (D:1)
  3 frilled lizards
  4 kobolds
  6 rats
44 creatures vanquished.

Table legend:
 A = Non-vault XP
 B = Vault XP
 C = Vault XP percentage of total XP
 D = Non-vault monster count
 E = Vault monster count
 F = Vault count percentage of total count
                 A         B        C        D         E       F
            +---------+---------+-------+---------+---------+-------
      Total |     111 |       0 |   0.0 |      44 |       0 |   0.0
            +---------+---------+-------+---------+---------+-------
        D:1 |      31 |       0 |   0.0 |      18 |       0 |   0.0
        D:2 |      51 |       0 |   0.0 |      15 |       0 |   0.0
        D:3 |      29 |       0 |   0.0 |      11 |       0 |   0.0
            +---------+---------+-------+---------+---------+-------

Illustrated notes

Table legend:
 A = Kills in this place as a percentage of kills in entire the game.
 B = Kills by you in this place as a percentage of kills by you in the entire game.
 C = Kills by friends in this place as a percentage of kills by friends in the entire game.
 D = Other kills in this place as a percentage of other kills in the entire game.
 E = Experience gained in this place as a percentage of experience gained in the entire game.
 F = Experience gained in this place divided by the number of levels of this place that you have seen.
                   A       B       C       D       E      F
               +-------+-------+-------+-------+-------+----------------------
         Total | 100.0 | 100.0 |   N/A |   N/A | 100.0 |  27.8
       Dungeon | 100.0 | 100.0 |   N/A |   N/A | 100.0 |  27.8
               +-------+-------+-------+-------+-------+----------------------

Table legend: (Time is in decaauts)
 A = Elapsed time spent in this place.
 B = Non-inter-level travel time spent in this place.
 C = Inter-level travel time spent in this place.
 D = Time resting spent in this place.
 E = Time spent auto-exploring this place.
 F = Levels seen in this place.
 G = Mean time per level.
                   A        B        C        D        E       F      G
               +--------+--------+--------+--------+--------+-----+--------+
         Total |   2810 |   2756 |     54 |    614 |   1675 |   4 |  702.5 |
       Dungeon |   2810 |   2756 |     54 |    614 |   1675 |   4 |  702.5 |
               +--------+--------+--------+--------+--------+-----+--------+

Top non-repeatable levels by time:
     D:2: 1206 daAuts
     D:1: 1170 daAuts
     D:3: 426 daAuts
     D:4: 7 daAuts
